 Dungeon Crawl Stone Soup version 0.23.2-1-ga50397a (webtiles) character file.

Game seed: 16232077641630976867

468 prawnwizard the Insei (level 7, 0/45 HPs)
             Began as an Octopode Transmuter on May 10, 2019.
             Was an Initiate of Okawaru.
             Killed from afar by an orc wizard (5 damage)
             ... with a magic dart
             ... on level 4 of the Dungeon.
             The game lasted 00:08:27 (3497 turns).

prawnwizard the Insei (Octopode Transmuter)         Turns: 3497, Time: 00:08:27

Health: 0/45       AC:  1    Str:  9    XL:     7   Next: 8%
Magic:  10/10      EV: 14    Int: 16    God:    Okawaru [......]
Gold:   275        SH:  0    Dex: 14    Spells: 4/10 levels left

rFire    . . .     SeeInvis .     - Unarmed
rCold    . . .     Gourm    .   (no shield)
rNeg     + . .     Faith    .   (helmet restricted)
rPois    .         Spirit   .   h - amulet of magic regeneration
rElec    .         Reflect  .   l - ring of positive energy
rCorr    .         Harm     .   (no ring)
MR       .....                  (no ring)
Stlth    ++........             (no ring)
HPRegen  0.15/turn              (no ring)
MPRegen  0.37/turn              (no ring)
                                (no ring)
                                (no ring)

@: confused, appendage
A: almost no armour, stealthy swim, amphibious, 8 rings, constrict 8, tentacle
spike 3, camouflage 1, gelatinous body 1
a: End Transformation, Renounce Religion


You were on level 4 of the Dungeon.
You worshipped Okawaru.
Okawaru was noncommittal.
You were hungry.
One of your tentacles had a temporary spike.
You visited 1 branch of the dungeon, and saw 4 of its levels.

You collected 275 gold pieces.

Inventory:

Missiles
 a - 57 arrows
Magical Staves
 p - an uncursed staff of death
Jewellery
 d - a cursed -3 ring of protection {unknown}
 h - an amulet of magic regeneration (around mantle)
 l - a ring of positive energy (left tentacle)
Wands
 n - a wand of acid (5)
Scrolls
 b - 2 scrolls of enchant weapon
 f - a scroll of remove curse
 j - a scroll of identify
 o - a scroll of immolation {unknown}
 q - a scroll of noise {unknown}
Potions
 g - 2 potions of resistance {unknown}
 i - a potion of flight {unknown}
 k - a potion of lignification {unknown}
 m - 3 potions of might {unknown}
 r - a potion of curing {unknown}
Comestibles
 c - 5 rations


   Skills:
 + Level 2.6 Fighting
 + Level 3.3 Dodging
 * Level 6.7 Unarmed Combat
 - Level 2.0 Spellcasting
 * Level 2.0 Transmutations


You had 4 spell levels left.
You knew the following spells:

 Your Spells              Type           Power        Failure   Level  Hunger
a - Beastly Appendage     Tmut           #.....       9%          1    #......
b - Sticks to Snakes      Tmut           #.......     13%         2    ###....
c - Spider Form           Tmut/Pois      #.........   38%         3    ###....

Your spell library contained the following spells:

 Spells                   Type           Power        Failure   Level  Hunger
 Ice Form                 Ice/Tmut       #.......     80%         4    #####..
 Blade Hands              Tmut           #.........   94%         5    ######.


Dungeon Overview and Level Annotations

Branches:
Dungeon (4/15)
 Temple: D:4-7

Altars:
Okawaru
The Shining One


Innate Abilities, Weirdness & Mutations

You cannot wear most types of armour.
You are very stealthy in the water. (Stealth+)
You are amphibious.
You can wear up to eight rings at the same time.
You can use your tentacles to constrict eight enemies at once.
Your skin changes colour to match your surroundings (Stealth+).
Your rubbery body absorbs attacks. (AC +1, EV +1)
One of your tentacles bears a large vicious spike.


Message History

You constrict the orc priest. The orc wizard casts a spell at you.
The puff of frost hits you!
The orc priest calls down the wrath of Beogh upon you.
Beogh smites you!
* * * LOW HITPOINT WARNING * * *
You tentacle-slap the orc priest.
You pierce the orc priest, but do no damage.
You squeeze the orc priest, but do no damage.
The orc priest is heavily wounded.
You constrict the orc priest. The orc wizard barely misses you.
The orc priest hits you but does no damage.
The orc wizard hits you with a +0 dagger.
* * * LOW HITPOINT WARNING * * *
You are confused.
You feel invigorated.
You constrict the orc priest, but do no damage.
The orc wizard points at you and mumbles some strange words.
The magic dart hits you.
You die...

#.### ..... ##. ## #.###
.... .# # ... .. ..# .#
#.# .# #.##.. .#####o# .##
...... ..#....o###..#
###...# ......oo@....#####
#[#.#.# #.....$o........!.
#.#...###.#.###.##...##.##
...###....#.###.###..##
.#.#[#.#..#.#..........
#.#.##....#.#.#.###..##.#
.#.#..###............# #
#.#.#...#.#.#.#.####..#
.#.#..###...#.#.# ..#


You could see an orc priest, an orc wizard and 3 orcs.

Vanquished Creatures
  Sigmund (D:2)
  An orc priest (D:3)
  2 orc wizards (D:3)
  Jessica (D:2)
  6 gnolls
  3 adders (D:2)
  3 oozes
  2 worms (D:2)
  2 dart slugs
  11 orcs
  3 giant cockroaches
  9 goblins
  5 hobgoblins
  8 jackals
  4 kobolds (D:3)
  A ball python (D:2)
  10 bats
  4 frilled lizards
  8 rats
84 creatures vanquished.

Notes
Turn   | Place    | Note
-------+----------+-------------------------------------------
     0 | D:1      | prawnwizard the Octopode Transmuter began the quest for the
                  | Orb.
     0 | D:1      | Reached XP level 1. HP: 13/13 MP: 3/3
   142 | D:1      | Reached XP level 2. HP: 7/18 MP: 5/5
   705 | D:1      | Reached XP level 3. HP: 18/23 MP: 6/6
  1083 | D:2      | Noticed Jessica
  1091 | D:2      | Killed Jessica
  1091 | D:2      | Reached skill level 4 in Unarmed Combat
  1091 | D:2      | Reached XP level 4. HP: 28/28 MP: 7/7
  1668 | D:2      | Noticed Sigmund
  1679 | D:2      | Killed Sigmund
  1679 | D:2      | Reached skill level 5 in Unarmed Combat
  1679 | D:2      | Reached XP level 5. HP: 30/34 MP: 8/8
  1679 | D:2      | Reached XP level 6. HP: 35/39 MP: 9/9
  2207 | D:2      | Found a glowing golden altar of the Shining One.
  2370 | D:3      | Reached skill level 6 in Unarmed Combat
  2617 | D:3      | Found an iron altar of Okawaru.
  2702 | D:3      | Became a worshipper of Warmaster Okawaru
  3179 | D:3      | Reached XP level 7. HP: 41/45 MP: 10/10
  3388 | D:3      | Learned a level 2 spell: Sticks to Snakes
  3392 | D:3      | Learned a level 3 spell: Spider Form
  3496 | D:4      | HP: 2/45 [orc wizard/+0 dagger (1)]
  3497 | D:4      | Killed from afar by an orc wizard

Skill      XL: |  1  2  3  4  5  6 |
---------------+-------------------+-----
Unarmed Combat | 4 5 6 |  6.7
Fighting       | 2 |  2.6
Dodging        | 3 |  3.3
Spellcasting   | |  2.0
Transmutations | |  2.0

Action                   |  1- 3 |  4- 6 |  7- 9 || total
-------------------------+-------+-------+-------++-------
Melee: Unarmed           |    52 |   116 |    12 ||   180
       Constrict         |    16 |    37 |     3 ||    56
       Tentacles         |    11 |    23 |     4 ||    38
       Punch             |     1 |     5 |       ||     6
       Kick              |     5 |    26 |     3 ||    34
 Cast: Beastly Appendage |    12 |    23 |     2 ||    37
  Use: Scroll            |       |       |     6 ||     6
       Potion            |       |       |     1 ||     1
 Stab: Sleeping          |     7 |     5 |       ||    12
  Eat: Chunk             |       |     7 |     1 ||     8
Armor: Skin              |     3 |     6 |     1 ||    10
Dodge: Dodged            |    23 |    70 |     5 ||    98
